[Event "Team 45 45 League T70"]
[Site "Internet Chess Club"]
[Date "2016.09.25"]
[Round "3"]
[White "kausika"]
[Black "JohLeb"]
[Result "1-0"]
[WhiteElo "1386"]
[BlackElo "1406"]
[Opening "QGD Slav: 4.Nc3"]
[ECO "D15"]
[Time "10:00:15"]
[TimeControl "2700+45"]

1. d4 d5 2. c4 Nf6 3. Nc3 c6 4. Nf3 Bg4 5. Qc2 Bh5 6. Bf4 e6 7. e3 Bg6 8. Qb3
Qb6 9. Be2 Be7 10. O-O O-O 11. cxd5 Qxb3 12. axb3 cxd5 13. Rfc1 Nc6 14. Nh4 a6
15. Nxg6 fxg6 16. Na4 Rad8 17. Bc7 Rd7 18. Bb6 Ne4 19. f3 Nd2 20. Bd1 Bg5 21. f4
Be7 22. Nc5 Bxc5 23. Bxc5 Ne4 24. Bxf8 Kxf8 25. Bg4 Kf7 26. Ra4 h5 27. Be2 Nd6
28. Bxa6 bxa6 29. Rxc6 Nf5 30. Kf2 Kf6 31. Raxa6 Re7 32. b4 {Black resigns} 1-0

[Event "Team 45 45 League T70"]
[Site "Internet Chess Club"]
[Date "2016.09.24"]
[Round "3"]
[White "houseofcook"]
[Black "MartyJR"]
[Result "1-0"]
[WhiteElo "1456"]
[BlackElo "1441"]
[Opening "Sicilian: Grand Prix attack"]
[ECO "B23"]
[Time "12:00:40"]
[TimeControl "2700+45"]

1. e4 c5 2. Nc3 Nc6 3. f4 g6 4. Nf3 Bg7 5. Bb5 e6 6. Bxc6 bxc6 7. O-O Ne7 8. d3
O-O 9. Qe1 d5 10. e5 Nf5 11. Na4 Qe7 12. b3 Nd4 13. Nxd4 cxd4 14. b4 Ba6 15. Nc5
Bc8 16. Bb2 Rb8 17. Bxd4 Rxb4 18. Qxb4 Rd8 19. Rab1 Bf8 20. Qa5 {Black resigns}
1-0

[Event "Team 45 45 League T70"]
[Site "Internet Chess Club"]
[Date "2016.09.25"]
[Round "3"]
[White "Visin"]
[Black "Rbug"]
[Result "1-0"]
[WhiteElo "1275"]
[BlackElo "978"]
[Opening "Sicilian defense"]
[ECO "B33"]
[Time "12:00:18"]
[TimeControl "2700+45"]

1. e4 c5 2. Nf3 Nc6 3. d4 cxd4 4. Nxd4 Nf6 5. Nc3 e6 6. Bg5 Bb4 7. Nxc6 Bxc3+ 8.
bxc3 bxc6 9. e5 h6 10. exf6 hxg5 11. fxg7 Rg8 12. Qd4 f6 13. O-O-O Rxg7 14. Be2
e5 15. Bh5+ Kf8 16. Qd6+ Kg8 17. Rd2 Rh7 18. Bg6 Re7 19. Rhd1 Re6 20. Qxe6+ dxe6
21. Rxd8+ Kg7 22. Bh5 f5 23. Be2 Kf7 24. Ba6 Bxa6 25. Rxa8 Kg6 26. Rxa7 Bb5 27.
a4 Be2 28. Re1 Bg4 29. Rxe5 f4 30. Rc5 f3 31. gxf3 Bxf3 32. Rxc6 Bxc6 33. a5 Kh5
34. a6 g4 35. Rc7 Bd5 36. Kd2 Kh4 37. Ke1 Kh3 38. Rh7+ Kg2 39. a7 e5 40. Rh8 e4
41. a8=Q Bxa8 42. Rxa8 Kxh2 43. Re8 Kg2 44. Rxe4 Kf3 45. Re8 g3 46. fxg3 Kxg3
47. c4 Kf3 48. c5 Kf4 49. c6 Kf5 50. c7 Kf6 51. c8=Q Kf7 52. Qd7+ Kf6 53. Qe6+
Kg5 54. Rf8 Kh4 55. Qg6 Kh3 56. Rh8# {Black checkmated} 1-0

[Event "Team 45 45 League T70"]
[Site "Internet Chess Club"]
[Date "2016.09.24"]
[Round "3"]
[White "Gilguli"]
[Black "idjit"]
[Result "0-1"]
[WhiteElo "1426"]
[BlackElo "1544"]
[Opening "French: Paulsen variation"]
[ECO "C10"]
[Time "16:00:34"]
[TimeControl "2700+45"]

1. e4 e6 2. d4 d5 3. Nc3 Nc6 4. exd5 exd5 5. Bb5 Nf6 6. Bg5 Be7 7. Nf3 O-O 8.
Bxc6 bxc6 9. Ne5 Qd6 10. Qd2 c5 11. Bf4 cxd4 12. Qxd4 c5 13. Qd2 Ba6 14. Ng6
Qe6+ 15. Ne5 d4 16. Ne2 Nh5 17. Nd3 Nxf4 18. Nxf4 Qb6 19. Rb1 Rad8 20. O-O Rfe8
21. Nd3 Bf6 22. Ng3 Qc6 23. f3 Qd5 24. Ne4 Be7 25. Qa5 Qc6 26. Rfe1 Qb6 27. Qxb6
axb6 28. a4 f5 29. Ng3 g6 30. Re6 Rd6 31. Rbe1 Kf7 32. R6e5 c4 33. Nf4 d3 34.
cxd3 cxd3 35. Rd1 Bf6 36. Rd5 Red8 37. Rxd6 Rxd6 38. b4 Bc4 39. Nf1 Bd4+ 40. Kh1
Bc3 41. Ne3 b5 42. Nxc4 bxc4 43. b5 Ba5 44. Kg1 g5 45. Nh3 c3 46. Nf2 d2 {White
resigns} 0-1

[Event "Team 45 45 League T70"]
[Site "Internet Chess Club"]
[Date "2016.09.23"]
[Round "3"]
[White "Gojira"]
[Black "bardu"]
[Result "1/2-1/2"]
[WhiteElo "1619"]
[BlackElo "1443"]
[Opening "Queen's pawn: London system"]
[ECO "A45"]
[Time "21:06:50"]
[TimeControl "2700+45"]

1. d4 Nf6 2. Bf4 b6 3. e3 Bb7 4. Nf3 c5 5. c3 Nc6 6. h3 cxd4 7. exd4 d6 8. d5
Nb8 9. c4 b5 10. Qb3 e6 11. Qxb5+ Qd7 12. dxe6 fxe6 13. Qxd7+ Nbxd7 14. Nc3 Bxf3
15. gxf3 Be7 16. Nb5 O-O 17. Bxd6 Bxd6 18. Nxd6 Nc5 19. b4 Ncd7 20. Bd3 Ne8 21.
Nxe8 Raxe8 22. Be4 Rf4 23. c5 Nf6 24. Bc6 Rd8 25. Rd1 Rxd1+ 26. Kxd1 Rxb4 27.
Re1 Kf7 28. Re2 Rd4+ 29. Rd2 Rc4 30. Rc2 Rh4 31. Rb2 Rd4+ 32. Ke2 Rc4 33. Rb7+
Kg6 34. Rxa7 Rxc5 35. Be4+ Nxe4 36. fxe4 Rh5 37. Ra3 Rh4 38. Rg3+ Kf6 39. f3 Rh5
40. f4 Ra5 41. a3 Ra4 42. Re3 g5 43. Kf3 Ra8 44. Kg4 h5+ 45. Kxh5 gxf4 46. Rb3
Rg8 47. a4 Rg3 48. Rb8 Ke5 49. Kh4 Kxe4 50. Rb4+ Ke3 51. Rb3+ Kf2 52. Rb4 e5 53.
a5 Rg8 54. a6 Kf3 55. a7 Ra8 56. Ra4 e4 57. Kg5 Kg3 58. Rxe4 Rxa7 59. Rxf4 Kxh3
60. Rf3+ Kg2 61. Rb3 Rf7 62. Kg4 Kf2 63. Kg5 Ke2 64. Kg6 Rf3 65. Rb2+ Ke3 66.
Kg5 Rf8 67. Rb4 Kd3 68. Kg4 Kc3 69. Rf4 Rxf4+ 70. Kxf4 {Game drawn because
neither player has mating material} 1/2-1/2

[Event "Team 45 45 League T70"]
[Site "Internet Chess Club"]
[Date "2016.09.24"]
[Round "3"]
[White "Toalla"]
[Black "rhayder"]
[Result "1-0"]
[WhiteElo "1266"]
[BlackElo "1244"]
[Opening "two knights defense: Fegatello attack"]
[ECO "C57"]
[Time "16:05:13"]
[TimeControl "2700+45"]

1. e4 e5 2. Nf3 Nc6 3. Bc4 Nf6 4. Ng5 d5 5. exd5 Nxd5 6. Nxf7 Kxf7 7. Qf3+ Ke8
8. Qxd5 Qxd5 9. Bxd5 Nd4 10. Be4 Bf5 11. Bxf5 Nxf5 12. c3 Bc5 13. O-O Kd7 14. d3
Rae8 15. Nd2 Rhf8 16. Ne4 Bb6 17. a4 a6 18. b4 Nd6 19. Be3 Nxe4 20. dxe4 Bxe3
21. fxe3 Rxf1+ 22. Rxf1 Ke7 23. Rf5 Ke6 24. Rf1 Rd8 25. Rc1 Rd3 26. Kf2 Rd2+ 27.
Kf3 Kf6 28. h3 Kg5 29. Kg3 Rd3 30. h4+ Kh5 31. Kf3 h6 32. g3 Rd2 33. a5 Rh2 34.
c4 Rb2 35. g4+ Kxh4 36. Rh1+ Kg5 37. Rh5+ Kg6 38. Rxe5 Rxb4 39. Rc5 c6 40. e5 b6
41. Rxc6+ Kh7 {Black resigns} 1-0

[Event "Team 45 45 League T70"]
[Site "Internet Chess Club"]
[Date "2016.09.24"]
[Round "3"]
[White "az2112"]
[Black "QuieroAprender"]
[Result "1-0"]
[WhiteElo "1630"]
[BlackElo "1649"]
[Opening "Réti: King's Indian attack"]
[ECO "A05"]
[Time "13:13:07"]
[TimeControl "2700+45"]

1. Nf3 Nf6 2. g3 g6 3. Bg2 d5 4. d4 Bg7 5. O-O O-O 6. Nbd2 c6 7. b3 Bf5 8. Nh4
Bc8 9. Nhf3 Bg4 10. h3 Bd7 11. Bb2 Qc8 12. Kh2 Re8 13. c4 Nh5 14. Rc1 e6 15. e4
dxe4 16. Nxe4 Rd8 17. Nd6 Qc7 18. c5 Na6 19. a3 Bf8 20. Nc4 b5 21. Ncd2 Nf6 22.
Qe2 Bc8 23. Qe5 Qxe5 24. Nxe5 Nd5 25. Nxc6 Rd7 26. Ne5 Rc7 27. Ne4 f6 28. Nxf6+
Kg7 29. Nxd5 exd5 30. Bxd5 Rb8 31. b4 Bb7 32. Bxb7 Rcxb7 33. d5 Kg8 34. Nc6 Rc8
35. Nd4 Nc7 36. d6 Nd5 37. Ne6 Re8 38. Nxf8 Kxf8 39. Rcd1 {Black resigns} 1-0

[Event "Team 45 45 League T70"]
[Site "Internet Chess Club"]
[Date "2016.09.22"]
[Round "3"]
[White "drsigmund1"]
[Black "ChessMaine"]
[Result "1-0"]
[WhiteElo "1471"]
[BlackElo "1478"]
[Opening "Queen's pawn, Mason variation"]
[ECO "D00"]
[Time "20:08:21"]
[TimeControl "2700+45"]

1. d4 d5 2. Bf4 Nf6 3. e3 e6 4. Nf3 Be7 5. h3 O-O 6. Bd3 Re8 7. Nbd2 Bd6 8. Ne5
Nbd7 9. Ndf3 h6 10. O-O c5 11. Nxf7 Kxf7 12. Bxd6 Qb6 13. dxc5 Qxb2 14. Qb1 Qxb1
15. Raxb1 e5 16. Bb5 Ne4 17. Bxd7 Bxd7 18. Rxb7 Nxd6 19. Rxd7+ Ke6 20. Rxd6+
{Black resigns} 1-0

[Event "Team 45 45 League T70"]
[Site "Internet Chess Club"]
[Date "2016.09.25"]
[Round "3"]
[White "seattleblues"]
[Black "Andressa"]
[Result "0-1"]
[WhiteElo "1321"]
[BlackElo "1445"]
[Opening "QGD: 4.Nf3"]
[ECO "D37"]
[Time "21:06:13"]
[TimeControl "2700+45"]

1. d4 d5 2. Nf3 Nf6 3. c4 e6 4. Nc3 Nbd7 5. Bf4 Bd6 6. Ne5 O-O 7. e3 c5 8. Nxf7
Rxf7 9. Bxd6 cxd4 10. exd4 Qb6 11. Ba3 Qc6 12. c5 b6 13. Bb5 Qc7 14. b4 a6 15.
Be2 bxc5 16. bxc5 Qa5 17. Qc2 Qxa3 {White resigns} 0-1

[Event "Team 45 45 League T70"]
[Site "Internet Chess Club"]
[Date "2016.09.24"]
[Round "3"]
[White "olivermx"]
[Black "Conjurer"]
[Result "0-1"]
[WhiteElo "1326"]
[BlackElo "1290"]
[Opening "Sicilian: Alapin's variation (2.c3)"]
[ECO "B22"]
[Time "12:02:44"]
[TimeControl "2700+45"]

1. e4 c5 2. c3 d6 3. d4 Nf6 4. Bd3 Nc6 5. Nf3 e6 6. O-O Be7 7. Bg5 h6 8. Bh4 e5
9. d5 Nb8 10. h3 O-O 11. Bxf6 Bxf6 12. Nbd2 Nd7 13. c4 a6 14. b3 b5 15. cxb5 Nb6
16. bxa6 Bxa6 17. Bxa6 Rxa6 18. Qe2 Qa8 19. Nb1 Rc8 20. Nc3 c4 21. bxc4 Rxc4 22.
Nb5 Be7 23. Rfc1 Rxc1+ 24. Rxc1 Rxa2 25. Qe3 Qa5 26. Rb1 Nd7 27. Ne1 Nc5 28. f3
Bg5 29. Qc3 Qa6 30. Nd3 Be3+ 31. Kh1 Bd2 32. Qc4 Ra1 33. Qc2 Rxb1+ 34. Qxb1 Nxd3
35. Qxd3 Qa1+ 36. Kh2 Bf4+ 37. g3 Qb2+ 38. Kg1 Bxg3 39. Qf1 Qh2# {White
checkmated} 0-1

[Event "Team 45 45 League T70"]
[Site "Internet Chess Club"]
[Date "2016.09.24"]
[Round "3"]
[White "yuanbao2007"]
[Black "Innes"]
[Result "0-1"]
[WhiteElo "1218"]
[BlackElo "1519"]
[Opening "QGD Slav: 3.Nf3"]
[ECO "D11"]
[Time "16:00:37"]
[TimeControl "2700+45"]

1. d4 d5 2. c4 c6 3. Nf3 a6 4. Nc3 Nf6 5. Bg5 e6 6. e4 dxe4 7. Nxe4 Nbd7 8. Bd3
h6 9. Bf4 Bb4+ 10. Nfd2 Nxe4 11. Bxe4 Nf6 12. Bf3 Bd6 13. Be3 O-O 14. O-O Re8
15. Ne4 Nxe4 16. Bxe4 Qh4 17. h3 Qxe4 18. Re1 Qg6 19. Qf3 e5 20. dxe5 Bxe5 21.
Bf4 f6 22. Bxe5 Rxe5 23. Rxe5 fxe5 24. Rd1 Bf5 25. Rd4 exd4 26. Qf4 Rf8 27. Qxd4
Bxh3 28. g3 Qf5 29. Qe3 Qf3 30. Qxf3 Rxf3 31. Kh2 Bg4 32. b4 Rxf2+ 33. Kg1 Rxa2
34. c5 Rb2 35. Kf1 Rxb4 36. Kf2 Rc4 37. Ke3 Rxc5 38. Kd4 Ra5 39. Kc4 Ra3 40. Kb4
Rxg3 41. Kc5 Bc8 42. Kb6 Rf3 43. Ka5 Kf7 44. Kb6 Ke6 45. Ka5 Rb3 46. Ka4 Rb1 47.
Ka3 Kd5 48. Ka2 Rb6 49. Ka3 Kc4 50. Ka2 Kc3 51. Ka3 Rb1 52. Ka2 Rb5 53. Ka1 Kc2
54. Ka2 Ra5# {White checkmated} 0-1

[Event "Team 45 45 League T70"]
[Site "Internet Chess Club"]
[Date "2016.09.23"]
[Round "3"]
[White "olivermx"]
[Black "Uku"]
[Result "0-1"]
[WhiteElo "1345"]
[BlackElo "1224"]
[Opening "Ruy Lopez: Berlin defense"]
[ECO "C65"]
[Time "18:04:02"]
[TimeControl "2700+45"]

1. e4 e5 2. Nf3 Nc6 3. Bb5 Nf6 4. d3 Nd4 5. Nxd4 exd4 6. O-O Bc5 7. Nd2 O-O 8.
Nf3 Bb6 9. Bd2 c5 10. c3 a6 11. Bc4 d6 12. h3 Re8 13. Re1 Be6 14. Bxe6 Rxe6 15.
cxd4 cxd4 16. Qa4 Rc8 17. Rac1 d5 18. Rxc8 Qxc8 19. Rc1 Rc6 20. Rxc6 Qxc6 21.
Qxc6 bxc6 22. exd5 cxd5 23. Bf4 Kf8 24. Be5 Ke7 25. Bxd4 Bxd4 26. Nxd4 Nd7 27.
Kf1 Nc5 28. Ke2 Kd6 29. b4 Nd7 30. b5 axb5 31. Nxb5+ Kc5 32. Nc3 d4 33. Ne4+ Kd5
34. Ng5 f6 35. Ne4 h6 36. g4 Ke5 37. Kf3 g5 38. Ng3 Nc5 39. Ke2 Kf4 40. Nf5 Na4
41. Nxh6 Nc3+ 42. Kd2 Nxa2 43. Nf5 Ke5 44. Ke2 Nc1+ 45. Kd2 Nb3+ 46. Kd1 Nc5 47.
Ke2 Ne6 48. Kf3 Nf4 49. h4 gxh4 50. Nxh4 Nxd3 51. Ng6+ Ke6 52. Nf4+ Nxf4 53.
Kxf4 Kd5 54. Kf3 Ke5 55. Ke2 Ke4 56. f3+ Kf4 57. Kd3 Kxf3 58. Kxd4 Kxg4 59. Ke4
f5+ 60. Ke3 Kg3 61. Ke2 Kg2 {White resigns} 0-1

[Event "Team 45 45 League T70"]
[Site "Internet Chess Club"]
[Date "2016.09.23"]
[Round "3"]
[White "Xbug"]
[Black "SeniorCitizen"]
[Result "1-0"]
[WhiteElo "1056"]
[BlackElo "1201"]
[Opening "QGD: 4.Nf3"]
[ECO "D37"]
[Time "14:00:47"]
[TimeControl "2700+45"]

1. d4 d5 2. c4 e6 3. Nc3 Nf6 4. Nf3 Be7 5. Bg5 O-O 6. cxd5 Nxd5 7. Bxe7 Qxe7 8.
Nxd5 exd5 9. Qb3 c6 10. e3 Nd7 11. Bd3 Nf6 12. O-O Bg4 13. Qc2 Bxf3 14. gxf3
Rfd8 15. Rfe1 Qd6 16. Bf1 Rac8 17. Qb3 Rc7 18. Rac1 b6 19. Bh3 c5 20. dxc5 Rxc5
21. Rxc5 Qxc5 22. Qd1 Rc8 23. Bxc8 Qxc8 24. Qc1 Qb7 25. Qc3 h6 26. Rc1 Kh7 27.
Qc7 Qa6 28. Qxf7 Qxa2 29. Rc7 Qb1+ 30. Kg2 Qg6+ 31. Qxg6+ Kxg6 32. Rxa7 {Black
resigns} 1-0

[Event "Team 45 45 League T70"]
[Site "Internet Chess Club"]
[Date "2016.09.23"]
[Round "3"]
[White "oldbookseller"]
[Black "Rbug"]
[Result "0-1"]
[WhiteElo "1044"]
[BlackElo "983"]
[Opening "Queen's pawn game, Chigorin variation"]
[ECO "D02"]
[Time "18:00:51"]
[TimeControl "2700+45"]

1. d4 d5 2. Nf3 Nc6 3. e3 a6 4. Bd3 Nf6 5. Nbd2 Bg4 6. O-O e5 7. dxe5 Nxe5 8. b3
Bd6 9. Bb2 Nxd3 10. cxd3 c5 11. Qe1 O-O 12. d4 Re8 13. Rc1 Qa5 14. a4 Qb4 15.
Bc3 Qb6 16. dxc5 Bxc5 17. Bxf6 gxf6 18. e4 Bxf3 19. Nxf3 Rxe4 20. Qd1 d4 21. Qd3
Rae8 22. Nh4 Rxh4 23. Qg3+ Kf8 24. Qxh4 d3 25. Qh6+ Kg8 26. Rcd1 Re2 27. Rxd3
Bxf2+ 28. Rxf2 Qxf2+ 29. Kh1 Qf1# {White checkmated} 0-1

[Event "Team 45 45 League T70"]
[Site "Internet Chess Club"]
[Date "2016.09.25"]
[Round "3"]
[White "Electryon"]
[Black "rkjulianjr"]
[Result "1/2-1/2"]
[WhiteElo "1405"]
[BlackElo "1356"]
[Opening "English: symmetrical variation"]
[ECO "A38"]
[Time "10:04:09"]
[TimeControl "2700+45"]

1. c4 c5 2. g3 g6 3. Bg2 Bg7 4. Nf3 Nf6 5. O-O O-O 6. Nc3 Nc6 7. a3 a6 8. Rb1 d5
9. Nxd5 Nxd5 10. cxd5 Qxd5 11. Ne1 Qd7 12. b4 cxb4 13. axb4 b5 14. Bb2 Bb7 15.
Bxg7 Kxg7 16. d4 Rfd8 17. e3 Ne5 18. Nf3 Nxf3+ 19. Bxf3 Bxf3 20. Qxf3 Qd5 21.
Qxd5 Rxd5 22. Rfc1 Rd7 23. Rc6 a5 24. bxa5 Rxa5 25. Rb6 Rd5 26. Kg2 e5 27. dxe5
Rxe5 28. Rb2 Kf8 29. Rb7 Ke8 30. Kf3 Rf5+ 31. Ke4 Ra4+ 32. Kd3 Rd5+ 33. Ke2 Ra5
{Game drawn by mutual agreement} 1/2-1/2

[Event "Team 45 45 League T70"]
[Site "Internet Chess Club"]
[Date "2016.09.25"]
[Round "3"]
[White "Toalla"]
[Black "Aquaman"]
[Result "0-1"]
[WhiteElo "1254"]
[BlackElo "1376"]
[Opening "Nimzovich-Larsen attack: modern variation"]
[ECO "A01"]
[Time "16:08:14"]
[TimeControl "2700+45"]

1. b3 e5 2. Bb2 d6 3. c4 Nf6 4. d4 e4 5. Nd2 Be7 6. Qc2 Bf5 7. O-O-O Bg6 8. e3
Nc6 9. a3 O-O 10. Be2 a5 11. f4 exf3 {White resigns} 0-1

[Event "Team 45 45 League T70"]
[Site "Internet Chess Club"]
[Date "2016.09.23"]
[Round "3"]
[White "GiantsFan"]
[Black "tasawyer81"]
[Result "1-0"]
[WhiteElo "1148"]
[BlackElo "1086"]
[Opening "QGD: 4.Bg5 Nbd7"]
[ECO "D51"]
[Time "18:31:01"]
[TimeControl "2700+45"]

1. d4 d5 2. c4 e6 3. Nc3 Nf6 4. Bg5 Nbd7 5. Nf3 h6 6. Bf4 Bb4 7. Qb3 a5 8. e3
O-O 9. Rc1 Nb6 10. cxd5 Nbxd5 11. Bd3 Nxf4 12. exf4 c5 13. Qc4 b6 14. O-O Ba6
15. Nb5 Qd7 16. a3 Bxb5 17. Qxb5 Qxb5 18. Bxb5 Bxa3 19. bxa3 Ne4 20. Bc6 Rac8
{Black resigns} 1-0

[Event "Team 45 45 League T70"]
[Site "Internet Chess Club"]
[Date "2016.09.24"]
[Round "3"]
[White "WzeroMN"]
[Black "artspir"]
[Result "0-1"]
[WhiteElo "1135"]
[BlackElo "1171"]
[Opening "Caro-Kann: advance variation"]
[ECO "B12"]
[Time "13:00:31"]
[TimeControl "2700+45"]

1. e4 c6 2. d4 d5 3. e5 Bf5 4. Bd3 Bxd3 5. Qxd3 e6 6. Nf3 Ne7 7. O-O Ng6 8. Be3
Nd7 9. Nbd2 Be7 10. c3 O-O 11. a3 c5 12. b3 cxd4 13. cxd4 Rc8 14. b4 Nb6 15.
Rac1 Qd7 16. Rxc8 Rxc8 17. Nb3 Nc4 18. Rc1 b5 19. Na5 Bd8 20. Nxc4 bxc4 21. Qb1
Ne7 22. Rc3 Nf5 23. Bd2 Bb6 24. Be3 Nxe3 25. fxe3 Bd8 26. Qc1 f6 27. Qc2 a5 28.
Qb1 g5 29. h3 f5 30. Qc2 g4 31. hxg4 axb4 32. axb4 Ra8 33. gxf5 Ra1+ 34. Kh2
exf5 35. Qf2 Qg7 36. Qg3 Rh1+ {White resigns} 0-1

[Event "Team 45 45 League T70"]
[Site "Internet Chess Club"]
[Date "2016.09.22"]
[Round "3"]
[White "alexping"]
[Black "ChessRooklift"]
[Result "1-0"]
[WhiteElo "1973"]
[BlackElo "1751"]
[Opening "Queen's bishop game"]
[ECO "D00"]
[Time "12:39:28"]
[TimeControl "2700+45"]

1. d4 d5 2. Bf4 Nf6 3. Nf3 e6 4. e3 Nbd7 5. Bd3 c5 6. c3 Nh5 7. Bg5 Be7 8. Bxe7
Qxe7 9. Ne5 Nhf6 10. f4 Ne4 11. Bxe4 dxe4 12. Nd2 f5 13. O-O O-O 14. Qb3 cxd4
15. cxd4 Nf6 16. Rac1 Nd5 17. Rc5 b6 18. Rc2 a5 19. a4 Ba6 20. Rfc1 Rac8 21.
Rxc8 Rxc8 22. Rxc8+ Bxc8 23. Ndc4 Ba6 24. g3 Qb4 25. Qxb4 axb4 26. Kf2 Kf8 27.
Nd7+ Ke7 28. Ndxb6 Bxc4 29. Nxc4 Kd8 30. Nd2 Kc7 31. Nb3 Nb6 32. Nc5 Nc4 33. b3
Nb2 34. Ke2 Kc6 35. Kd2 g5 36. Kc2 gxf4 37. gxf4 Nd3 38. Nxd3 exd3+ 39. Kxd3 Kd5
40. e4+ fxe4+ 41. Ke3 h6 42. h3 {Black resigns} 1-0

[Event "Team 45 45 League T70"]
[Site "Internet Chess Club"]
[Date "2016.09.22"]
[Round "3"]
[White "parrot9"]
[Black "Beetlejuice"]
[Result "0-1"]
[WhiteElo "1688"]
[BlackElo "1789"]
[Opening "Sicilian: Taimanov (Bastrikov) variation"]
[ECO "B47"]
[Time "14:35:42"]
[TimeControl "2700+45"]

1. e4 c5 2. Nf3 e6 3. d4 cxd4 4. Nxd4 Nc6 5. Nc3 Qc7 6. Be2 a6 7. O-O Nf6 8. Be3
Bb4 9. Na4 Be7 10. c4 Nxe4 11. c5 d5 12. Bd3 Nf6 13. Rc1 Rb8 14. Nb6 O-O 15.
Nxc6 bxc6 16. Qa4 Bb7 17. Rfe1 Nd7 18. b4 e5 19. Bxa6 Ra8 20. Nxa8 Rxa8 21. Qb3
Bxa6 22. Ra1 Bc4 23. Qc2 Bf6 24. Red1 e4 25. Bd4 Ne5 26. a4 Ng4 27. g3 Ne5 28.
Kg2 Qd7 29. Ra3 Bd3 30. Qb2 Nc4 {White resigns} 0-1

[Event "Team 45 45 League T70"]
[Site "Internet Chess Club"]
[Date "2016.09.25"]
[Round "3"]
[White "room-matt"]
[Black "SlimeDog2"]
[Result "0-1"]
[WhiteElo "1872"]
[BlackElo "2064"]
[Opening "Bishop's opening/Petrov: Urusov gambit"]
[ECO "C24"]
[Time "00:19:10"]
[TimeControl "2700+45"]

1. e4 e5 2. Bc4 Nf6 3. d4 exd4 4. Nf3 Nxe4 5. Qxd4 d5 6. Bxd5 Nf6 7. Bxf7+ Kxf7
8. Qxd8 Bb4+ 9. Bd2 Rxd8 10. Bxb4 Nc6 11. Bd2 Bg4 12. Nc3 Bxf3 13. gxf3 Nd4 14.
O-O-O Nxf3 15. Bf4 c6 16. h3 Rxd1+ 17. Rxd1 Re8 18. Be3 a6 19. a4 Re7 20. Rd3
Rd7 21. Rxd7+ Nxd7 22. b4 h5 23. Ne4 Ke6 24. c4 Ke5 25. Nd2 Nxd2 26. Kxd2 Ke4
27. Kc3 Ne5 28. Bd4 g5 29. c5 h4 30. Bxe5 Kxe5 31. Kd3 g4 32. Ke2 gxh3 33. Kf1
Kf4 34. Kg1 Kf3 35. Kh2 Kxf2 36. Kxh3 Ke3 37. Kxh4 Kd4 38. Kg4 Kc4 39. Kf4 Kxb4
{White resigns} 0-1

[Event "Team 45 45 League T70"]
[Site "Internet Chess Club"]
[Date "2016.09.23"]
[Round "3"]
[White "sharky123"]
[Black "fishhead"]
[Result "0-1"]
[WhiteElo "1855"]
[BlackElo "1761"]
[Opening "Alekhine's defense: modern, fianchetto variation"]
[ECO "B04"]
[Time "18:00:52"]
[TimeControl "2700+45"]

1. e4 Nf6 2. e5 Nd5 3. d4 d6 4. Nf3 g6 5. g3 Bg7 6. Bg2 O-O 7. O-O Nc6 8. c3 Bf5
9. Na3 h6 10. Re1 g5 11. Nxg5 Nxc3 12. bxc3 hxg5 13. Bxg5 dxe5 14. Bxc6 bxc6 15.
dxe5 Qe8 16. Nc2 Rd8 17. Qc1 c5 18. Ne3 Bh3 19. Ng2 Bf5 20. Nf4 f6 21. exf6 Bxf6
22. Bxf6 Rxf6 23. Qe3 Qd7 24. Qxe7 Qxe7 25. Rxe7 Rf7 26. Re5 c4 27. Rc5 Bd3 28.
Nxd3 cxd3 29. Rd1 Re7 30. Kf1 d2 31. Rc4 Rd3 32. Rd4 Rxc3 33. R4xd2 Kf7 34. Rd7
Ra3 35. Rxe7+ Kxe7 36. Rd2 Ke6 37. Kg2 c5 38. f3 Ke5 39. Kf2 c4 40. Ke2 c3 41.
Rc2 Kd4 42. h4 Ra6 43. Kd1 Kd3 44. h5 Rb6 45. Rc1 Rb2 46. Ke1 Rg2 47. Rxc3+ Kxc3
48. g4 Kd4 49. Kf1 Rxa2 50. h6 Ke5 51. g5 Kf5 52. Kg1 Kg6 53. f4 Rb2 54. f5+
Kxg5 55. h7 Rb8 {White resigns} 0-1

[Event "Team 45 45 League T70"]
[Site "Internet Chess Club"]
[Date "2016.09.25"]
[Round "3"]
[White "Goli"]
[Black "Holzschlange"]
[Result "1/2-1/2"]
[WhiteElo "1758"]
[BlackElo "1786"]
[Opening "Ruy Lopez: Schliemann defense"]
[ECO "C63"]
[Time "17:44:50"]
[TimeControl "2700+45"]

1. e4 e5 2. Nf3 Nc6 3. Bb5 f5 4. exf5 e4 5. Qe2 Qe7 6. Bxc6 dxc6 7. Nd4 Qe5 8.
Ne6 Bxe6 9. fxe6 Bd6 10. Nc3 Nf6 {Game drawn by mutual agreement} 1/2-1/2

[Event "Team 45 45 League T70"]
[Site "Internet Chess Club"]
[Date "2016.09.25"]
[Round "3"]
[White "losscause"]
[Black "zap2"]
[Result "0-1"]
[WhiteElo "1547"]
[BlackElo "1743"]
[Opening "King's Indian: Petrosian system, main line"]
[ECO "E93"]
[Time "13:03:44"]
[TimeControl "2700+45"]

1. d4 Nf6 2. Nf3 g6 3. c4 Bg7 4. Nc3 O-O 5. d5 d6 6. e4 e5 7. Be2 Nbd7 8. b4 a5
9. Qa4 axb4 10. Qxa8 bxc3 11. Qa3 Nxe4 12. Bd3 Ndc5 13. Bc2 f5 14. Be3 Qe7 15.
Rb1 f4 16. Bxc5 Nxc5 17. O-O e4 18. Rfe1 Bf5 19. Re2 Qf6 20. Ne1 Qg5 21. f3 e3
22. Kh1 h5 23. Qc1 Ra8 24. a3 h4 25. Bxf5 Qxf5 26. h3 b6 27. Nc2 Nd3 28. Qf1 Ra4
29. Nb4 Rxa3 30. Nxd3 Qxd3 31. Ree1 Qxf1+ 32. Rxf1 c2 {White resigns} 0-1

[Event "Team 45 45 League T70"]
[Site "Internet Chess Club"]
[Date "2016.09.26"]
[Round "3"]
[White "jonesey"]
[Black "modiglani"]
[Result "1-0"]
[WhiteElo "1961"]
[BlackElo "1732"]
[Opening "Scandinavian: Pytel-Wade variation"]
[ECO "B01"]
[Time "14:07:27"]
[TimeControl "2700+45"]

1. e4 d5 2. exd5 Qxd5 3. Nc3 Qd6 4. d4 Nf6 5. Nf3 a6 6. g3 Bg4 7. Bg2 Nc6 8. Bf4
Qb4 9. Qd2 O-O-O 10. a3 Qxb2 11. O-O Bxf3 12. Rfb1 Qxa1 13. Rxa1 Bxg2 14. Kxg2
e5 15. Bg5 Rxd4 16. Qc1 Be7 17. Qb2 Rhd8 18. Rb1 b6 19. Be3 R4d7 20. Na4 Nd5 21.
Bc1 Bf6 22. c4 e4 23. Qc2 Nd4 24. Qxe4 Re7 25. Qg4+ {Black resigns} 1-0

[Event "Team 45 45 League T70"]
[Site "Internet Chess Club"]
[Date "2016.09.25"]
[Round "3"]
[White "Harmonicus"]
[Black "fledermaus"]
[Result "1-0"]
[WhiteElo "1938"]
[BlackElo "1866"]
[Opening "Sicilian: closed"]
[ECO "B24"]
[Time "15:31:40"]
[TimeControl "2700+45"]

1. e4 c5 2. Nc3 Nc6 3. g3 g6 4. Bg2 Bg7 5. d3 e6 6. Be3 Qa5 7. Qd2 Nd4 8. f4 Ne7
9. Nf3 Nxf3+ 10. Bxf3 d6 11. O-O Nc6 12. Bg2 Nd4 13. Rf2 O-O 14. Nd1 Qxd2 15.
Rxd2 Rd8 16. Bf2 b6 17. Ne3 Bb7 18. c3 Nc6 19. g4 Ne7 20. Bh4 Rd7 21. f5 exf5
22. gxf5 Bh6 23. Re2 gxf5 24. Nxf5 Nxf5 25. exf5 Bxg2 26. Rxg2+ Kf8 27. Re1 f6
28. Bxf6 Kf7 29. Bh4 Rg8 30. Rxg8 Kxg8 31. Kf2 Kf7 32. Kf3 d5 33. Kg4 Bd2 34.
Re2 Bc1 35. f6 Kg6 36. Rg2 h6 37. Re2 Rf7 38. b3 Bg5 39. Bxg5 hxg5 40. Re5 Rxf6
41. Rxg5+ Kh6 42. Rxd5 Rg6+ 43. Kf3 Rf6+ 44. Ke4 Rf2 45. a3 Rxh2 46. b4 cxb4 47.
axb4 Re2+ 48. Kf5 Kh5 49. b5 Kh4 50. Rd7 Ra2 51. Rg7 Ra3 52. Rc7 Kg3 53. Ke4 Ra5
54. c4 Kg4 55. Rg7+ Kh5 56. d4 Kh6 57. Rg1 a6 58. bxa6 Rxa6 59. d5 Ra4 60. Kd3
Ra3+ 61. Kc2 Ra4 62. Kb3 b5 63. cxb5 Rd4 64. Kc3 Rxd5 65. Kc4 Rd2 66. Kc5 Rc2+
67. Kd6 Rb2 68. Kc6 Rc2+ 69. Kb7 Kh7 70. b6 Rc3 71. Ka8 Ra3+ 72. Kb8 Rb3 73. b7
Rb2 74. Rc1 Kg7 75. Kc7 {Black resigns} 1-0